Map: Ice and Chrome LE

Players

Silky - Winner!

  • Race: Zerg Zerg
  • Spawn Location: 1:00

Creature

  • Race: Protoss Protoss
  • Spawn Location: 7:00

Event: DreamHack SC2 Masters 2020 Summer North America

VOD

Have the link to the VOD?

Description

Time

  • Played on: June 30, 2020, 3:47 p.m.
  • Length: 10:24

All games in this series

Show
View Real Time Build Order
Export as new Build Order

Silky Zerg - Winner!

Build Orders: Hatch First 

Get SALT Encoding   

  12  0:00  Drone  
  13  0:12  Overlord  
  13  0:17  Drone  
  14  0:31  Drone x2  
  16  0:48  Hatchery  
  15  0:51  Drone  
  15  0:55  Drone  
  17  0:59  Drone  
  18  1:09  Extractor  
  17  1:14  Spawning Pool  
  17  1:16  Drone  
  17  1:21  Drone  
  18  1:28  Drone  
  19  1:39  Drone  
  20  1:49  Overlord  
  20  2:00  Queen x2  
  20  2:01  Zergling x4  
  26  2:11  Drone x2  
  26  2:13  Metabolic Boost  
  28  2:22  Drone x2  
  30  2:34  Hatchery  
  30  2:36  Drone  
  30  2:39  Drone  
  31  2:45  Overlord  
  31  2:50  Queen  
  33  2:52  Drone  
  33  2:55  Zergling x2  
  33  2:58  Drone  
  36  3:06  Overlord  
  36  3:08  Drone x2  
  36  3:10  Overlord  
  36  3:12  Drone  
  39  3:15  Drone  
  39  3:16  Drone  
  41  3:23  Zergling x2  
  41  3:24  Drone x2  
  44  3:28  Queen  
  44  3:30  Drone  
  47  3:35  Drone  
  47  3:38  Drone  
  49  3:44  Spore Crawler  
  49  3:45  Drone x4  
  52  3:51  Queen  
  52  3:54  Overlord, Spore Crawler  
  53  3:58  Overlord  
  53  4:00  Drone  
  53  4:02  Drone  
  55  4:03  Drone  
  55  4:08  Drone x2  
  58  4:12  Overlord  
  58  4:16  Roach Warren  
  56  4:17  Zergling x4  
  56  4:20  Zergling x2  
  56  4:23  Drone x2  
  61  4:29  Lair  
  61  4:32  Extractor  
  61  4:33  Overlord, Extractor  
  61  4:34  Drone x3  
  62  4:39  Drone x3  
  62  4:43  Zergling x4  
  62  4:45  Drone x3  
  69  4:50  Overlord  
  69  4:52  Drone x3  
  73  4:56  Drone x3  
  75  5:00  Overlord  
  75  5:05  Drone x2  
  77  5:16  Hatchery  
  77  5:17  Evolution Chamber, Drone x5, Extractor x2  
  78  5:25  Roach x4  
  78  5:26  Roach  
  88  5:33  Spore Crawler  
  88  5:35  Roach x3  
  84  5:45  Drone x5  
  84  5:49  Drone x4  
  90  5:53  Drone  
  90  5:54  Drone  
  90  5:55  Drone  
  93  5:58  Drone  
  94  6:05  Overseer  
  94  6:06  Drone x4  
  94  6:10  Drone, Baneling Nest  
  97  6:12  Drone  
  97  6:15  Drone x3  
  101  6:19  Hydralisk Den  
  101  6:20  Extractor  
  101  6:21  Drone  
  101  6:22  Drone x2  
  101  6:25  Drone x3  
  105  6:28  Overlord  
  105  6:30  Drone  
  106  6:33  Overlord  
  106  6:36  Drone  
  105  6:40  Drone  
  105  6:41  Drone x2  
  105  6:42  Spore Crawler  
  107  6:48  Overseer  
  107  6:50  Pneumatized Carapace, Muscular Augments  
  107  6:52  Centrifical Hooks, Zerg Melee Weapons Level 1  
  107  6:55  Hydralisk x4  
  107  6:58  Hydralisk x2  
  119  7:02  Hydralisk x2  
  119  7:04  Overlord  
  119  7:08  Hydralisk x2  
  123  7:13  Overlord x3  
  127  7:20  Overlord  
  127  7:23  Hydralisk x4  
  127  7:25  Overlord  
  135  7:31  Overlord x2  
  135  7:32  Hydralisk x3  
  135  7:33  Zergling x4  
  135  7:36  Zergling x6  
  135  7:37  Zergling x2  
  147  7:42  Hydralisk  
  147  7:43  Hydralisk x3  
  155  7:45  Overlord  
  155  7:47  Zergling x6  
  158  7:54  Overlord  
  158  7:56  Zergling x14  
  165  8:01  Grooved Spines  
  165  8:02  Baneling x4  
  165  8:03  Baneling x8  
  165  8:05  Hydralisk  
  165  8:06  Zergling x6  
  143  8:21  Hydralisk x5, Zergling x2  
  143  8:22  Zergling x8  
  138  8:32  Hydralisk x3, Zergling x2  
  138  8:33  Zergling x4  
  130  8:36  Hydralisk x3  
  130  8:41  Hydralisk  
  127  8:42  Zergling x8  
  127  8:45  Drone x2  
  127  8:46  Drone x2  
  130  8:52  Zergling x2  
  130  8:53  Zergling x4  
  125  8:59  Drone x4  
  129  9:07  Drone x3  
  129  9:09  Queen  
  134  9:15  Zergling x8  
  138  9:19  Baneling x14  
  138  9:21  Hydralisk  
  140  9:25  Hatchery  
  140  9:30  Hydralisk  
  140  9:31  Zergling x6  
  144  9:35  Hydralisk x3  
  144  9:38  Baneling x8  
  150  9:41  Zergling x2  
  150  9:43  Zergling x6  
  154  9:48  Infestation Pit  
  155  9:53  Zergling x2  
  155  9:54  Zergling x6  
  157  10:03  Zergling x14  
Show
View Real Time Build Order
Export as new Build Order

Creature Protoss 

Build Orders: 1 Gate Expand, Oracle Opening, Phoenix Opening, Zealot Archon 

Get SALT Encoding   

  12  0:00  Probe  
  13  0:13  Probe  
  14  0:20  Pylon  
  14  0:25  Probe  
  15  0:35  Probe  
  15  0:39  Gateway  
  16  0:43  Probe  
  16  0:49  Assimilator  
  17  0:52  Probe  
  18  1:04  Probe  
  19  1:16  Probe  
  20  1:26  Nexus  
  20  1:35  Cybernetics Core  
  20  1:37  Probe  
  21  1:44  Assimilator  
  21  1:50  Probe  
  22  1:54  Pylon  
  22  2:02  Adept, Probe  
  23  2:14  Probe  
  26  2:18  Stargate  
  26  2:26  Warp Gate, Probe  
  27  2:33  Adept  
  27  2:34  Probe x2  
  29  2:42  Probe x2  
  33  2:52  Probe x2  
  33  2:57  Phoenix  
  35  3:04  Probe  
  38  3:07  Probe  
  38  3:08  Gateway  
  39  3:16  Probe  
  39  3:18  Oracle  
  39  3:19  Probe  
  41  3:24  Pylon  
  44  3:28  Probe  
  44  3:29  Assimilator  
  44  3:32  Assimilator  
  45  3:35  Probe  
  46  3:42  Probe  
  46  3:43  Robotics Facility  
  46  3:47  Probe  
  48  3:51  Pylon  
  48  3:52  Oracle  
  48  3:54  Probe  
  49  3:59  Probe  
  53  4:03  Pylon  
  53  4:06  Probe  
  54  4:11  Probe  
  55  4:18  Adept x2, Probe  
  55  4:23  Probe  
  61  4:26  Oracle  
  64  4:35  Nexus  
  64  4:37  Observer, Pylon  
  64  4:38  Probe  
  65  4:43  Probe  
  67  4:50  Probe  
  68  4:55  Probe  
  68  4:58  Shield Battery  
  69  5:02  Observer, Probe  
  69  5:06  Forge, Twilight Council  
  71  5:12  Probe  
  72  5:14  Probe  
  72  5:17  Sentry  
  72  5:18  Adept  
  77  5:22  Gateway  
  77  5:23  Gateway  
  77  5:24  Probe  
  78  5:41  Immortal  
  78  5:42  Protoss Ground Weapons Level 1  
  78  5:46  Probe  
  76  5:50  Probe x2  
  76  5:52  Charge  
  76  5:55  Gateway, Templar Archives  
  76  5:56  Gateway  
  82  5:57  Gateway  
  82  5:58  Probe  
  82  6:02  Probe x2  
  85  6:05  Sentry  
  85  6:06  Sentry  
  85  6:10  Probe x2  
  89  6:11  Pylon  
  89  6:12  Probe  
  89  6:13  Pylon  
  89  6:18  Gateway, Probe  
  92  6:21  Immortal  
  92  6:25  Probe  
  93  6:30  Pylon  
  93  6:31  Pylon  
  97  6:37  Zealot  
  97  6:38  Zealot x3  
  105  6:41  Assimilator  
  105  6:47  Pylon  
  105  6:48  Assimilator, Pylon  
  105  6:49  Pylon  
  105  6:52  Pylon  
  105  6:54  Warp Prism  
  105  6:59  Gateway  
  105  7:01  Gateway  
  107  7:11  High Templar x4  
  107  7:15  Archon x2  
  115  7:18  Zealot x3  
  115  7:19  Zealot  
  115  7:22  Pylon  
  123  7:25  Pylon  
  123  7:27  Pylon  
  123  7:38  Protoss Ground Weapons Level 2  
  123  7:43  Zealot x7  
  123  7:44  Zealot  
  139  8:07  High Templar x3  
  139  8:08  High Templar x2, Zealot x5  
  139  8:11  Archon x2  
  93  8:31  Zealot x5  
  91  8:40  Zealot x3  
  93  8:41  Zealot x2  
  77  8:58  High Templar x6  
  77  9:01  Archon  
  77  9:02  Archon x2  
  87  9:03  Zealot x4  
  95  9:30  Warp Prism  
  95  9:33  Zealot x10  
  115  9:38  Pylon  
  115  9:42  Nexus  
  115  10:04  High Templar x7  
  115  10:05  Zealot x2  
  121  10:10  Archon x2  
  121  10:11  Archon  
  109  10:16  High Templar  
  109  10:20  Archon  
Tags
 
Add a new tag
Caveats
  • Supply blocks, unpowered buildings, or Contaminate may cause inaccurate times.
  • Supply counts are checked every 10 seconds.